Map: [ESL] Stargazers

Players

ByuN

  • Race: Terran Terran
  • Spawn Location: 1:00

DPGDark (Dark) - Winner!

  • Race: Zerg Zerg
  • League: Master
  • Spawn Location: 11:00

VOD

Have the link to the VOD?

Description

Time

  • Played on: Nov. 4, 2022, 7:40 a.m.
  • Length: 10:37
Show
View Real Time Build Order
Export as new Build Order

ByuN Terran 

Build Orders: Command Center First (CC) 

Get SALT Encoding   

  12  0:00  SCV  
  13  0:12  SCV  
  14  0:17  Supply Depot  
  14  0:24  SCV  
  15  0:38  SCV  
  16  0:50  SCV  
  17  0:58  Command Center  
  17  1:02  SCV  
  18  1:11  Barracks  
  18  1:15  SCV  
  19  1:20  Refinery  
  19  1:27  SCV  
  20  1:33  Barracks  
  20  1:39  SCV  
  21  1:43  Refinery  
  21  1:51  SCV  
  22  1:58  Marine  
  23  2:03  Orbital Command  
  23  2:10  Orbital Command  
  23  2:16  Barracks Reactor  
  23  2:20  Barracks Tech Lab  
  23  2:25  Bunker  
  23  2:29  SCV  
  24  2:37  SCV  
  24  2:38  Marine  
  24  2:40  Stimpack  
  27  2:44  SCV  
  27  2:49  SCV  
  28  2:53  Factory  
  28  2:54  Marine  
  28  2:56  Marine  
  30  3:00  Marine  
  30  3:02  SCV  
  30  3:03  SCV  
  33  3:07  Supply Depot  
  33  3:12  Marine  
  33  3:14  Marine  
  33  3:18  SCV, Marauder  
  38  3:22  SCV  
  35  3:30  SCV  
  33  3:34  SCV  
  33  3:35  Marine  
  33  3:39  Marauder  
  33  3:40  Marine  
  38  3:48  SCV  
  38  3:53  SCV  
  38  3:55  Marine  
  38  3:58  Marine  
  38  4:01  Marauder  
  40  4:09  SCV x2  
  41  4:12  Factory Reactor  
  41  4:13  Marine  
  41  4:15  Starport  
  41  4:16  Marine  
  43  4:18  Supply Depot  
  43  4:21  SCV  
  44  4:24  SCV  
  44  4:27  Marine  
  46  4:35  Supply Depot  
  46  4:36  Combat Shield  
  46  4:40  SCV x2, Marine x2  
  46  4:45  Supply Depot  
  50  4:52  SCV x2  
  51  4:54  Marine  
  51  4:58  Supply Depot  
  51  4:59  Medivac x2  
  57  5:01  Marine x2  
  57  5:05  SCV x2  
  61  5:08  Supply Depot  
  61  5:12  Marine  
  62  5:17  SCV x2  
  62  5:20  Marine x2  
  66  5:29  SCV x2  
  66  5:31  Marine  
  66  5:32  Command Center  
  66  5:33  Widow Mine  
  71  5:35  Medivac  
  71  5:38  Refinery, Marine x2  
  71  5:42  Refinery  
  75  5:47  Engineering Bay  
  75  5:50  Engineering Bay  
  75  5:55  Marauder  
  75  5:56  Marine x2  
  79  5:58  SCV  
  79  6:00  Supply Depot  
  79  6:01  SCV  
  80  6:07  Factory Tech Lab  
  80  6:10  SCV  
  58  6:36  SCV  
  58  6:37  Marine x2  
  58  6:39  Siege Tank  
  54  6:41  Marauder  
  54  6:52  SCV  
  52  6:55  Marine x2  
  52  7:01  Marine  
  52  7:04  SCV  
  47  7:11  Medivac, Siege Tank  
  47  7:12  Marine  
  47  7:13  Marine  
  54  7:16  SCV, Orbital Command  
  54  7:19  Marine  
  54  7:20  Orbital Command  
  56  7:28  SCV  
  45  7:30  Marine  
  45  7:31  Marine  
  45  7:34  Orbital Command  
  44  7:37  Marine  
  44  7:40  SCV  
  44  7:48  Marine  
  44  7:49  Marine  
  45  7:52  SCV  
  45  7:55  Marine  
  45  7:56  SCV  
  48  8:00  SCV  
  48  8:04  SCV, Siege Tank  
  53  8:06  Marine  
  53  8:07  Marine  
  53  8:08  SCV  
  53  8:12  SCV  
  57  8:15  Supply Depot  
  57  8:17  SCV  
  59  8:20  SCV  
  61  8:27  Engineering Bay  
  61  8:28  SCV  
  61  8:29  SCV  
  61  8:32  Engineering Bay  
  61  8:33  Barracks  
  61  8:37  SCV  
  61  8:38  Supply Depot  
  61  8:39  Starport Reactor  
  61  8:40  SCV  
  61  8:41  SCV  
  64  8:45  Barracks  
  64  8:46  Barracks  
  64  8:49  SCV  
  64  8:51  Factory Reactor  
  64  8:52  SCV  
  64  8:53  SCV  
  64  8:54  Marine x2  
  69  8:57  Supply Depot  
  69  8:59  Marine  
  69  9:01  SCV  
  71  9:04  SCV  
  71  9:05  SCV  
  72  9:13  SCV, Marine x2  
  72  9:16  SCV  
  76  9:17  Marine  
  76  9:19  SCV  
  76  9:20  Supply Depot x2  
  76  9:22  Marine  
  76  9:23  Marine  
  80  9:30  Widow Mine x2  
  84  9:36  Marine  
  84  9:38  Barracks Reactor x2  
  85  9:41  Supply Depot x2, Marine x2  
  85  9:42  SCV  
  85  9:43  SCV  
  81  9:55  Marine  
  81  9:56  Marine x2  
  81  9:59  Widow Mine, Marine x2  
  83  10:00  Widow Mine  
  78  10:07  SCV x2  
  78  10:13  Marine  
  78  10:14  Marine  
  66  10:15  Marine x2  
  66  10:17  Marine x4  
  66  10:19  SCV  
Show
View Real Time Build Order
Export as new Build Order

DPGDark Zerg - Winner!

Build Orders: Pool First 

Get SALT Encoding   

  12  0:00  Drone  
  13  0:12  Overlord  
  13  0:17  Drone  
  14  0:30  Drone x2  
  16  0:40  Spawning Pool  
  15  0:44  Drone  
  15  0:48  Drone  
  17  0:57  Drone  
  18  1:11  Hatchery  
  18  1:13  Extractor  
  18  1:15  Drone  
  17  1:19  Drone  
  18  1:31  Roach Warren  
  18  1:32  Zergling x2  
  18  1:42  Queen  
  20  1:49  Overlord  
  20  2:10  Roach x2  
  20  2:12  Roach  
  26  2:23  Roach  
  26  2:24  Roach  
  26  2:27  Queen  
  32  2:40  Overlord  
  32  2:41  Drone  
  33  2:47  Drone x2  
  33  2:50  Ravager  
  36  2:58  Drone  
  36  2:59  Drone x2  
  36  3:04  Overlord  
  39  3:09  Drone  
  40  3:15  Drone x2  
  42  3:21  Ravager  
  42  3:25  Drone  
  42  3:26  Drone  
  44  3:30  Drone  
  42  3:35  Drone x2  
  42  3:38  Drone x2  
  44  3:42  Drone x2  
  44  3:44  Drone  
  47  3:52  Drone  
  47  3:54  Drone  
  45  3:56  Queen  
  45  3:57  Metabolic Boost  
  45  4:02  Drone  
  48  4:06  Drone  
  48  4:09  Extractor  
  48  4:11  Extractor  
  48  4:14  Drone x2  
  48  4:15  Drone x2, Overlord  
  48  4:16  Drone  
  52  4:17  Overlord  
  52  4:20  Overlord  
  52  4:34  Hatchery  
  52  4:35  Overlord  
  51  4:39  Roach x3  
  51  4:43  Roach  
  51  4:44  Roach  
  61  4:46  Roach  
  61  4:50  Roach  
  61  4:51  Roach  
  67  4:54  Overlord  
  67  4:56  Roach  
  69  5:02  Zergling x4, Roach  
  73  5:11  Overlord  
  73  5:12  Zergling x2  
  73  5:13  Zergling x8  
  73  5:14  Ravager x2  
  79  5:18  Zergling x2  
  81  5:24  Ravager  
  81  5:25  Zergling x4  
  84  5:31  Ravager  
  84  5:33  Queen  
  84  5:35  Overlord  
  87  5:36  Overlord  
  87  5:41  Zergling x10  
  91  5:57  Zergling x8  
  95  6:04  Ravager  
  95  6:06  Ravager  
  95  6:09  Zergling x16  
  104  6:15  Zergling x8  
  107  6:20  Ravager x2  
  107  6:21  Zergling x2  
  107  6:22  Zergling x2  
  96  6:34  Zergling x8  
  96  6:37  Lair  
  86  6:41  Zergling x2  
  86  6:44  Zergling x10  
  92  6:51  Zergling x6  
  94  6:58  Zergling x6  
  95  7:05  Zergling x4  
  91  7:12  Zergling x8  
  91  7:13  Evolution Chamber  
  91  7:14  Evolution Chamber  
  93  7:15  Zergling x4  
  93  7:16  Zergling x4  
  94  7:29  Zergling x12  
  82  7:37  Glial Reconstitution  
  82  7:39  Zerg Missile Weapons Level 1  
  82  7:40  Zerg Ground Armor Level 1  
  81  7:46  Drone x9  
  81  7:47  Drone  
  81  7:48  Drone x2  
  90  7:55  Drone  
  90  7:56  Drone  
  90  7:57  Drone  
  93  8:00  Queen  
  93  8:01  Queen  
  93  8:05  Drone x2  
  99  8:12  Drone x4  
  103  8:13  Extractor  
  103  8:14  Roach x2  
  103  8:15  Roach  
  103  8:18  Roach  
  103  8:19  Overlord  
  110  8:22  Drone  
  110  8:23  Extractor  
  110  8:24  Extractor  
  110  8:26  Drone x3  
  112  8:33  Overseer  
  112  8:34  Overlord x3  
  112  8:43  Roach x4  
  112  8:45  Nydus Network  
  119  8:53  Roach x4  
  125  8:59  Roach x2  
  129  9:04  Drone x2  
  129  9:08  Roach x3  
  136  9:10  Roach x2  
  136  9:12  Roach x2  
  144  9:22  Hatchery  
  144  9:23  Overlord  
  143  9:25  Overlord  
  143  9:28  Overlord  
  143  9:30  Roach  
  145  9:35  Overlord  
  145  9:37  Ravager  
  146  9:39  Overlord  
  146  9:43  Roach x2  
  146  9:44  Overseer, Roach x3  
  153  9:47  Nydus Canal  
  153  9:50  Roach x2  
  151  9:56  Roach  
  151  9:57  Roach x4  
  154  10:03  Roach  
  154  10:04  Nydus Canal  
  154  10:05  Roach x2  
  154  10:07  Roach  
  154  10:12  Roach  
  153  10:15  Roach x3  
Tags
 
Add a new tag
Caveats
  • Supply blocks, unpowered buildings, or Contaminate may cause inaccurate times.
  • Supply counts are checked every 10 seconds.